AoeStats
← Jimbo990

Arena

512877432Analyzed
4v4 RM · 9d ago on Oct 11, 2026· 50m 46s· 8 players
Game mode
Random Map
Map size
Large (8 player)
Population
200
Speed
Normal
Resources
Standard
Victory
Conquest
Starting age
Dark Age
Ending age
Imperial Age
RankedLock teamsTeams togetherTeam positionsShared explorationLock speedFull tech treeHidden civsTurbo modeCheats
Victory
Defeat
736
+11
🇳🇱 Britons · Netherlands
688
+13
🇫🇷 Mongols · France
677
+14
🇨🇳 Persians · China
487
+22
vs
🇳🇱 Italians · Netherlands
651
-15
🇩🇪 Celts · Germany
638
-16
🇬🇧 Portuguese · United Kingdom
615
-15
🇸🇪 Turks · Sweden
602
-14
Jimbo990
1:52 Loom
11:12 Feudal Age
19:30 Castle Age
17:19 Horse Collar
18:16 Double-Bit Axe
25:02 Heavy Plow
25:36 Town Watch
31:13 Imperial Age
30:54 Wheelbarrow
31:57 Town Patrol
35:28 Light Cavalry
36:44 Capped Ram
38:33 Hand Cart
40:37 Murder Holes
41:42 Chemistry
40:53 Masonry
Animal
11:36 Feudal Age
15:10 Double-Bit Axe
15:07 Horse Collar
25:51 Castle Age
24:22 Gold Mining
26:30 Fletching
27:23 Wheelbarrow
27:01 Bow Saw
26:54 Heavy Plow
37:43 Imperial Age
36:29 Hand Cart
38:30 Scale Mail Armor
38:43 Forging
39:46 Gold Shaft Mining
40:37 Cavalier
41:18 Husbandry
42:33 Scale Barding Armor
43:01 Bloodlines
45:17 Chain Barding Armor
TeletubbiePimp
12:25 Feudal Age
13:16 Double-Bit Axe
17:10 Horse Collar
20:24 Castle Age
18:38 Stone Mining
22:41 Forging
22:34 Scale Mail Armor
22:37 Padded Archer Armor
23:26 Pikeman
27:04 Squires
26:51 Arson
28:10 Gold Mining
29:00 Stone Shaft Mining
29:30 Silk Road
32:44 Bow Saw
32:39 Heavy Plow
36:03 Wheelbarrow
38:01 Imperial Age
36:09 Iron Casting
35:50 Chain Mail Armor
36:13 Leather Archer Armor
39:53 Blast Furnace
39:24 Plate Mail Armor
38:45 Fletching
39:27 Ring Archer Armor
41:26 Chemistry
40:47 Ballistics
40:24 Murder Holes
40:49 Hand Cart
King_LA14
1:22 Loom
13:20 Feudal Age
16:32 Man-at-Arms
17:01 Horse Collar
17:11 Double-Bit Axe
17:19 Gold Mining
17:54 Man-at-Arms
18:43 Arson
24:27 Castle Age
24:56 Scale Mail Armor
24:39 Long Swordsman
25:05 Gambesons
25:36 Heavy Plow
25:49 Bow Saw
26:16 Gold Shaft Mining
27:23 Padded Archer Armor
27:14 Fletching
30:04 Bodkin Arrow
30:24 Leather Archer Armor
35:28 Stone Mining
36:56 Leather Archer Armor
41:06 Imperial Age
40:55 Light Cavalry
m4rt1d
11:23 Feudal Age
9:39 Loom
11:52 Double-Bit Axe
14:48 Horse Collar
17:28 Castle Age
16:41 Gold Mining
16:45 Stone Mining
19:01 Stone Shaft Mining
18:38 Bow Saw
23:54 Wheelbarrow
24:04 Fletching
26:49 Hand Cart
26:19 Town Watch
27:23 Heavy Plow
27:52 Padded Archer Armor
29:53 Town Patrol
30:20 Caravan
36:57 Imperial Age
35:17 Thumb Ring
35:10 Bodkin Arrow
35:38 Leather Archer Armor
36:33 Ballistics
37:57 Bloodlines
37:47 Husbandry
38:17 Parthian Tactics
37:54 Bracer
39:05 Chemistry
39:01 Conscription
39:40 Capped Ram
39:51 Elite Mangudai
42:18 Drill
42:03 Siege Ram
49:31 Spies/Treason
bart_arend
2:19 Loom
12:58 Feudal Age
14:35 Wheelbarrow
13:49 Double-Bit Axe
18:04 Castle Age
16:43 Horse Collar
17:21 Gold Mining
20:30 Hand Cart
20:28 Pikeman
26:31 Crossbowman
31:56 Imperial Age
30:06 Bow Saw
30:01 Heavy Plow
30:13 Stone Mining
30:59 Gold Shaft Mining
30:35 Fletching
32:35 Scale Mail Armor
32:46 Forging
33:01 Ballistics
33:12 Arbalester
35:40 Caravan
35:29 Treadmill Crane
35:44 Murder Holes
38:59 Bodkin Arrow
39:05 Padded Archer Armor
39:20 Chain Mail Armor
39:41 Iron Casting
40:35 Yeomen
40:31 Squires
43:14 Plate Mail Armor
43:44 Blast Furnace
42:45 Bracer
43:22 Halberdier
44:53 Hoardings
45:54 Gambesons
47:21 Chemistry
46:07 Arrowslits
46:39 Masonry
48:03 Town Watch
48:31 Siege Engineers
别投降,我曰尼玛
0:29 Loom
11:36 Feudal Age
13:27 Horse Collar
13:35 Double-Bit Axe
25:54 Castle Age
26:58 Bow Saw
26:54 Heavy Plow
28:42 Fortified Wall
28:53 Ballistics
29:34 Chemistry
28:45 Masonry
31:31 Wheelbarrow
30:42 Town Watch
31:40 Town Patrol
32:41 Hand Cart
39:18 Imperial Age
38:42 Arson
38:58 Squires
40:51 Architecture
40:27 Siege Engineers
42:02 Elite Hussite Wagon
43:06 Conscription
43:01 Wagenburg Tactics
44:13 Forging
43:54 Fletching
44:05 Padded Archer Armor
47:29 Two-Man Saw
47:30 Iron Casting
46:51 Bodkin Arrow
47:12 Leather Archer Armor
K1m Jong-un
1:40 Loom
14:19 Feudal Age
14:58 Double-Bit Axe
14:56 Horse Collar
21:37 Castle Age
19:39 Stone Mining
19:40 Gold Mining
20:43 Fletching
20:55 Padded Archer Armor
21:47 Wheelbarrow
23:43 Wheelbarrow
22:54 Town Watch
23:49 Stone Shaft Mining
27:00 Caravan
27:00 Bodkin Arrow
27:20 Leather Archer Armor
27:09 Heavy Plow
27:21 Bow Saw
29:11 Gold Shaft Mining
30:09 Kamandaran
31:14 Crossbowman
32:00 Thumb Ring
32:01 Murder Holes
32:27 Ballistics
35:10 Coinage
36:57 Hand Cart
37:45 Town Patrol
42:52 Imperial Age
43:43 Conscription
46:52 Crop Rotation
47:03 Banking
47:37 Two-Man Saw
Connection lost

Rejoining the realm…

Still unreachable

The connection could not be restored.

Session expired

The server has moved on; the page needs a fresh start.